 Dungeon Crawl Stone Soup version 0.31-a0-640-g39d97e502b (webtiles) character file.

Game seed: 706491718462518469

261 zero the Digger (level 6, 0/32 HPs)
             Began as a Gargoyle Earth Elementalist on Aug 27, 2023.
             Slain by an iguana (10 damage)
             ... on level 4 of the Dungeon.
             The game lasted 00:02:32 (2895 turns).

zero the Digger (Gargoyle Earth Elementalist)       Turns: 2895, Time: 00:02:32

Health: 0/32       AC:  6    Str: 11    XL:     6   Next: 18%
Magic:  9/13       EV: 11    Int: 18    God:
Gold:   241        SH:  0    Dex: 10    Spells: 8/14 levels left

rFire   . . .        l - +0 dagger (elec)
rCold   . . .        (no shield)
rNeg    + . .        a - +0 robe
rPois   ∞            (helmet currently unavailable)
rElec   +            (cloak currently unavailable)
rCorr   .            (gloves currently unavailable)
SInv    .            (boots currently unavailable)
Will    .....        (no amulet)
Stlth   ++           k - ring of wizardry
HPRegen 0.25/turn    (no ring)
MPRegen 0.13/turn

%: wizardry (x1)
@: beast-form
A: beast (slay +0), sickness immunity, AC +4, negative energy resistance 1,
electricity resistance, torment resistance 1, petrification resistance
a: Begin Untransformation


You were on level 4 of the Dungeon.
You were a hulking beast.
You visited 1 branch of the dungeon, and saw 4 of its levels.

You collected 241 gold pieces.

Inventory:

Hand Weapons
 l - a +0 dagger of electrocution (weapon)
 n - a +0 whip of flaming
Missiles
 j - 4 javelins
Armour
 a - a +0 robe (worn)
Jewellery
 e - a ring of fire
 k - a ring of wizardry (left hand)
Scrolls
 g - 2 scrolls of amnesia {unknown}
 h - a scroll of vulnerability {unknown}
 m - a scroll of immolation {unknown}
 o - a scroll of identify
 r - a scroll of enchant armour {unknown}
Potions
 b - a potion of magic
 c - 2 potions of lignification
 d - a potion of ambrosia {unknown}
 f - 5 potions of curing
 i - a potion of brilliance {unknown}
 p - a potion of cancellation {unknown}
 q - a potion of might {unknown}


   Skills:
 - Level 1.5 Dodging
 - Level 2.1 Stealth
 * Level 4.8 Spellcasting
 - Level 0.7 Transmutations
 + Level 5.5 Earth Magic


You had 8 spell levels left.
You knew the following spells:

 Your Spells              Type           Power      Damage    Failure   Level
a - Sandblast             Erth           48%        2d12      1%          1
b - Stone Arrow           Conj/Erth      28%        3d8       5%          3
d - Blink                 Tloc           8%         N/A       9%          2

Your spell library contained the following spells:

 Spells                   Type           Power      Damage    Failure   Level
 Passwall                 Tmut/Erth      12%        N/A       2%          2
 Lesser Beckoning         Tloc           8%         N/A       9%          2
 Momentum Strike          Conj/Tloc      8%         3d8       9%          2
 Dazzling Flash           Conj/Hex       8%         N/A       16%         3
 Petrify                  Tmut/Erth      15%        N/A       16%         4
 Agony                    Necr           4%         N/A       80%         5
 Silence                  Hex/Air        2%         N/A       80%         5


Dungeon Overview and Level Annotations

Branches:
Dungeon (4/15)
 Temple: D:4-7

Altars:
Ashenzari


Innate Abilities, Weirdness & Mutations

You are a hulking beast.
Your limbs bulge with bestial killing power. (Slay +0)
You are immune to sickness and miasma.
Your stone body is resilient. (AC +4)
You are immune to poison.
You resist negative energy. (rN+)
You are resistant to electric shocks. (rElec)
You are resistant to unholy torment.
You are immune to petrification.


Message History

You kill the jelly!
You can't see any susceptible monsters within range! (Use Z to cast anyway.)
Found a stone staircase leading up.
A kobold comes into view.
It is wielding a +0 dagger and quivering poisoned darts.
Found a stone staircase leading down.
A kobold is nearby!
The blast of sand hits the kobold!
You kill the kobold!
You can't see any susceptible monsters within range! (Use Z to cast anyway.)
There is a stone staircase leading down here.
Things that are here:
a +0 dagger; 3 poisoned darts An iguana comes into view.
The iguana hisses angrily.
An iguana is nearby!
An iguana is nearby!
The blast of sand hits the iguana!
The iguana is heavily wounded.
The iguana bites you. x2
The blast of sand hits the iguana but does no damage.
The iguana is heavily wounded.
The iguana bites you.
The blast of sand misses the iguana.
The iguana bites you! x2
You are too injured to fight recklessly!
You are too injured to fight recklessly!
Casting: Sandblast (safe; 1% risk of failure)
Confirm with . or Enter, or press ? or * to list all spells.
Aiming: Sandblast (safe; 1% risk of failure)
Press: ? - help, Shift-Dir - straight line, f/p - iguana
Aim: an iguana (heavily wounded, 85% to hit)
The blast of sand hits the iguana.
The iguana is severely wounded.
The iguana closely misses you.
Casting: Sandblast (safe; 1% risk of failure)
Confirm with . or Enter, or press ? or * to list all spells.
Aiming: Sandblast (safe; 1% risk of failure)
Press: ? - help, Shift-Dir - straight line, f/p - iguana
Aim: an iguana (severely wounded, 85% to hit)
The blast of sand misses the iguana.
The iguana bites you!
You die...

### ## #.# #. ... #.
#.# #. #.#
#.####.#####
#l#........#
#.h###.###.###
#.....>........<.
#..###.###.##...# #
#..........##...# .
#..###.##..##...#.#
#..###.##..##...#.##
#...................
...................#
#................


You could see an iguana.

Vanquished Creatures
  A black bear (D:4)
  A jelly (D:4)
  An iguana (D:4)
  3 adders
  2 worms (D:3)
  2 dart slugs
  5 orcs
  6 endoplasms
  6 giant cockroaches
  8 goblins
  6 hobgoblins
  3 jackals (D:3)
  4 kobolds
  2 quokkas
  7 ball pythons
  6 bats
  3 frilled lizards
  7 rats (D:1)
73 creatures vanquished.

Notes
Turn   | Place    | Note
-------+----------+-------------------------------------------
     0 | D:1      | zero the Gargoyle Earth Elementalist began the quest for
                  | the Orb.
     0 | D:1      | Reached XP level 1. HP: 10/10 MP: 3/3
   147 | D:1      | Reached XP level 2. HP: 15/15 MP: 3/5
   324 | D:1      | Reached skill level 4 in Earth Magic
   491 | D:1      | Reached XP level 3. HP: 19/19 MP: 2/7
  1080 | D:2      | Learned a level 3 spell: Stone Arrow
  1083 | D:2      | Learned a level 2 spell: Blink
  1152 | D:2      | Found a broken altar of Ashenzari.
  1461 | D:2      | Found a faded altar of an unknown god.
  1951 | D:3      | Reached XP level 4. HP: 24/24 MP: 6/8
  2710 | D:4      | Reached skill level 5 in Earth Magic
  2710 | D:4      | Reached XP level 5. HP: 20/28 MP: 6/11
  2773 | D:4      | Noticed a black bear
  2779 | D:4      | Killed a black bear
  2780 | D:4      | Reached XP level 6. HP: 32/32 MP: 8/13
  2895 | D:4      | Slain by an iguana

Illustrated notes

Levels and vault maps discovered:
D:1:      eino_arrival_cavern_e, layout_rooms, chequers_avenue
D:2:      wander_river, layout_loops_ring, ebering_ecumenical_altar_rust,
          basic_altar
D:3:      layout_loops_ring
D:4:      layout_basic

Skill      XL: |  1  2  3  4 |
---------------+-------------+-----
Earth Magic    | 4 5 |  5.5
Spellcasting   | 3 4 |  4.8
Dodging        | |  1.5
Stealth        | |  2.1
Transmutations | |  0.7

Action                     |  1- 3 |  4- 6 || total
---------------------------+-------+-------++-------
  Melee: Short sword       |    16 |       ||    16
         Dagger            |     1 |     1 ||     2
   Cast: Sandblast         |    55 |    43 ||    98
    Use: Scroll            |     2 |       ||     2
 Armour: Robe              |    21 |     2 ||    23
  Dodge: Dodged            |    17 |     4 ||    21
   Form: Beast             |     1 |       ||     1

Table legend: (Time is in decaauts)
 A = Elapsed time spent in this place.
 B = Non-inter-level travel time spent in this place.
 C = Inter-level travel time spent in this place.
 D = Time resting spent in this place.
 E = Time spent auto-exploring this place.
 F = Levels seen in this place.
 G = Mean time per level.
                   A        B        C        D        E       F      G
               +--------+--------+--------+--------+--------+-----+--------+
         Total |   2955 |   2853 |    102 |    277 |   2173 |   4 |  738.8 |
       Dungeon |   2955 |   2853 |    102 |    277 |   2173 |   4 |  738.8 |
               +--------+--------+--------+--------+--------+-----+--------+

Top non-repeatable levels by time:
     D:1: 1089 daAuts
     D:3: 871 daAuts
     D:2: 701 daAuts
     D:4: 293 daAuts
